 Dungeon Crawl Stone Soup version 0.28-a0-1629-gf728b707aa (webtiles) character file.

Game seed: 9482601873028899699

366 hashsling the Skirmisher (level 6, 0/39 HPs)
             Began as a Gargoyle Gladiator on Jan 24, 2022.
             Slain by Edmund (6 damage)
             ... on level 4 of the Dungeon.
             The game lasted 00:07:21 (2932 turns).

hashsling the Skirmisher (Gargoyle Gladiator)       Turns: 2932, Time: 00:07:22

Health: 0/39       AC: 14    Str: 20    XL:     6   Next: 68%
Magic:  6/6        EV: 11    Int:  8    God:
Gold:   200        SH:  0    Dex: 11    Spells: 5/5 levels left

rFire   . . .      SeeInvis .   t - +6 club
rCold   . . .      Faith    .   (no shield)
rNeg    + . .      Spirit   .   m - +0 ring mail
rPois   ∞          Reflect  .   c - +0 helmet
rElec   +          Harm     .   j - +2 cloak
rCorr   +          Rampage  .   (no gloves)
Will    +....                   (no boots)
Stlth   +.........              o - amulet of magic regeneration
HPRegen 0.13/turn               n - ring of willpower
MPRegen 0.50/turn               v - ring of resist corrosion

@: attractive, flying
A: sickness immunity, AC +4, negative energy resistance 1, electricity
resistance, torment resistance 1, petrification resistance
a: no special abilities


You were on level 4 of the Dungeon.
You visited 1 branch of the dungeon, and saw 4 of its levels.

You collected 200 gold pieces.

Inventory:

Hand Weapons
 a - a +0 quarterstaff
 t - a +6 club (weapon)
Missiles
 k - 6 javelins (quivered)
 p - 3 silver boomerangs
Armour
 c - a +0 helmet (worn)
 j - a +2 cloak (worn)
 m - a +0 ring mail (worn)
Jewellery
 n - a ring of willpower (left hand)
 o - an amulet of magic regeneration (around neck)
 v - a ring of resist corrosion (right hand)
Scrolls
 b - a scroll of vulnerability {unknown}
 e - a scroll of silence {unknown}
 g - a scroll of enchant weapon {unknown}
 h - a scroll of identify {unknown}
 l - a scroll of blinking {unknown}
 u - a scroll of immolation {unknown}
Potions
 s - a potion of ambrosia {unknown}


   Skills:
 + Level 4.5 Fighting
 + Level 2.3(3.5) Maces & Flails
 - Level 4.0(4.3) Staves
 - Level 2.0 Throwing
 + Level 3.2 Armour
 - Level 3.0 Dodging


You had 5 spell levels left.
You didn't know any spells.
Your spell library was empty.

Dungeon Overview and Level Annotations

Branches:
Dungeon (4/15)
 Temple: D:4-7

Altars:
Ru
The Shining One

Annotations:
D:4 Edmund


Innate Abilities, Weirdness & Mutations

You are immune to sickness and miasma.
Your stone body is resilient. (AC +4)
You are immune to poison.
You resist negative energy. (rN+)
You are resistant to electric shocks. (rElec)
You are resistant to unholy torment.
You are immune to petrification.


Message History

You throw a throwing net. The throwing net barely misses Edmund.
You closely miss Edmund.
Edmund is moderately wounded.
Edmund drinks a potion.
Edmund seems to grow stronger.
You hit Edmund but do no damage.
Edmund is moderately wounded.
Edmund completely misses you.
You hit Edmund.
Edmund is heavily wounded.
Edmund hits you with a +1 flail of protection.
You hit Edmund but do no damage.
Edmund is heavily wounded.
Edmund closely misses you.
You hit Edmund but do no damage.
Edmund is heavily wounded.
Edmund looks more healthy.
Edmund hits you with a +1 flail of protection!
Throw: dart (poison)
Press: ? - help, Shift-Dir - straight line, f/p - Edmund
Aim: Edmund, wielding a +1 flail of protection and wearing a +0 chain mail (heavily wounded, strong, 67% to hit)
You throw a poisoned dart. The poisoned dart hits Edmund.
Edmund is poisoned.
Edmund is heavily wounded.
Edmund closely misses you.
You closely miss Edmund.
Edmund is heavily wounded.
Edmund hits you with a +1 flail of protection!
You barely miss Edmund.
Edmund is heavily wounded.
Edmund hits you with a +1 flail of protection!
* * * LOW HITPOINT WARNING * * *
Okay, then.
It was a potion of cancellation.
You feel magically purged. Edmund closely misses you.
It was a potion of flight.
You feel very buoyant.
You fly up into the air.
Edmund closely misses you.
It was a potion of attraction.
You feel attractive to monsters.
Edmund hits you with a +1 flail of protection.
You die...

... #... (. #......≈.§≈≈≈
....... .(.
##......≈.≈...§ .......
...##.......≈.≈.§.≈
.......
............≈.≈...≈
.......
............≈..§§≈≈
...>...
............≈...... ....#
......@.....≈≈≈≈≈≈≈
....##. #@...........
†...... ##...........
....... ##..########
...(..# #..## ##...#. .
###..##### ...##
....##.....#..## #.<...
#..............# ..##...
.......##......#
...#......####....[.....#


You could see Edmund (strong, poisoned).

Vanquished Creatures
  An ice beast (D:3)
  An orc priest (D:3)
  Jessica (D:3)
  Natasha (thrice) (D:3)
  6 adders
  A white imp (D:3)
  An ufetubus (D:3)
  A dart slug (D:1)
  7 orcs (D:3)
  6 endoplasms
  8 giant cockroaches (D:2)
  2 goblins (D:1)
  7 hobgoblins
  2 jackals (D:1)
  5 quokkas
  7 ball pythons
  5 bats
  A frilled lizard (D:1)
  6 kobolds
  2 rats (D:1)
73 creatures vanquished.

Notes
Turn   | Place    | Note
-------+----------+-------------------------------------------
     0 | D:1      | hashsling the Gargoyle Gladiator began the quest for the
                  | Orb.
     0 | D:1      | Reached XP level 1. HP: 12/12 MP: 1/1
    70 | D:1      | You fall into a shaft and drop 1 floor!
   209 | D:1      | Reached XP level 2. HP: 13/18 MP: 2/2
   767 | D:1      | Reached XP level 3. HP: 22/22 MP: 3/3
  1331 | D:2      | Reached XP level 4. HP: 20/28 MP: 4/4
  1445 | D:2      | Found a sacrificial altar of Ru.
  1869 | D:3      | Reached skill level 1 in Armour
  1869 | D:3      | Found a faded altar of an unknown god.
  2154 | D:3      | Noticed Jessica
  2162 | D:3      | Killed Jessica
  2163 | D:3      | Reached XP level 5. HP: 26/32 MP: 5/5
  2252 | D:3      | Noticed an ice beast
  2259 | D:3      | Killed an ice beast
  2260 | D:3      | Reached skill level 1 in Maces & Flails
  2281 | D:3      | Reached XP level 6. HP: 36/38 MP: 6/6
  2338 | D:3      | Noticed Natasha
  2348 | D:3      | Killed Natasha
  2433 | D:3      | Noticed Natasha
  2445 | D:3      | Killed Natasha
  2780 | D:3      | Noticed Natasha
  2783 | D:3      | Killed Natasha
  2911 | D:4      | Found a glowing golden altar of the Shining One.
  2917 | D:4      | Noticed Edmund
  2932 | D:4      | Slain by Edmund

Illustrated notes

Levels and vault maps discovered:
D:1:      kilobyte_arrival_exit_the_forest, layout_loops_ring,
          minmay_pentomino_t4
D:2:      minmay_roachtagon, layout_basic, basic_altar, chequers_mini_garden
D:3:      layout_basic, nicolae_ecumenical_snake_handling, uniq_jessica,
          uniq_natasha
D:4:      layout_cave_pools, mainiacjoe_overflow_concentric_impassable,
          uniq_edmund, uniq_menkaure, uniq_sigmund

Skill      XL: |  1  2  3  4  5  6 |
---------------+-------------------+-----
Throwing       | 2 |  2.0
Fighting       | 3 4 |  4.5
Dodging        | 3 |  3.0
Armour         | 1 2 3 |  3.2
Staves         | 4 |  4.0
Maces & Flails | 1 2 |  2.3

Action                   |  1- 3 |  4- 6 || total
-------------------------+-------+-------++-------
Melee: Quarterstaff      |   117 |    44 ||   161
       Club              |       |    66 ||    66
       Punch             |       |     1 ||     1
Throw: Throwing net      |       |     4 ||     4
       Javelin           |       |     3 ||     3
       Dart              |       |     2 ||     2
  Use: Potion            |       |     3 ||     3
 Stab: Held in net/web   |       |     2 ||     2
Armor: Leather armour    |    33 |       ||    33
       Ring mail         |    21 |    66 ||    87
Dodge: Dodged            |    78 |    74 ||   152

Table legend: (Time is in decaauts)
 A = Elapsed time spent in this place.
 B = Non-inter-level travel time spent in this place.
 C = Inter-level travel time spent in this place.
 D = Time resting spent in this place.
 E = Time spent auto-exploring this place.
 F = Levels seen in this place.
 G = Mean time per level.
                   A        B        C        D        E       F      G
               +--------+--------+--------+--------+--------+-----+--------+
         Total |   2968 |   2882 |     86 |      0 |   2317 |   4 |  742.0 |
       Dungeon |   2968 |   2882 |     86 |      0 |   2317 |   4 |  742.0 |
               +--------+--------+--------+--------+--------+-----+--------+

Top non-repeatable levels by time:
     D:1: 1049 daAuts
     D:3: 986 daAuts
     D:2: 829 daAuts
     D:4: 103 daAuts
